 Dungeon Sprint DCSS version 0.30-a0-799-g109b55a442 (webtiles) character file.

Game seed: 7585874758189344235

640 rocky1 the Thaumaturge (level 7, -3/64 HPs)
             Began as a Deep Elf Air Elementalist on Feb 21, 2023.
             Was an Initiate of Gozag.
             Slain by an unseen horror (5 damage)
             ... in the Dungeon (Sprint IX: "|||||||||||||||||||||||||||||").
             The game lasted 00:02:17 (397 turns).

rocky1 the Thaumaturge (Deep Elf Air Elementalist)   Turns: 397, Time: 00:02:18

Health: -3/64      AC:  2    Str:  5    XL:     7   Next: 26%
Magic:  2/23       EV: 15    Int: 25    God:    Gozag
Gold:   0          SH:  0    Dex: 15    Spells: 17/27 levels left

rFire   . . .      SeeInvis .    q - +2 rapier of Growth {flame, rPois Int+3}
rCold   . . .      Faith    .    (no shield)
rNeg    . . .      Spirit   .    a - +0 robe
rPois   +          Reflect  .    (no helmet)
rElec   .          Harm     .    (no cloak)
rCorr   .          Rampage  .    (no gloves)
Will    .....      NoTele   +    (no boots) Stlth
                                 (no amulet)
HPRegen 0.30/turn                (no ring)
MPRegen 0.18/turn                (no ring)

@: berserking, very quick
A: no striking features
a: Renounce Religion, Potion Petition, Call Merchant, Bribe Branch


You were in the Dungeon.
You worshipped Gozag.
Gozag was noncommittal.
You visited 1 branch

Inventory:

Hand Weapons
 h - a +0 short sword
 p - a +4 quarterstaff of speed
 q - the +2 rapier of Growth (weapon) {flame, rPois Int+3}
   (You found it in the Dungeon)

   Int:       It affects your intelligence (+3).
   rPois:     It protects you from poison.
Armour
 a - a +0 robe (worn)
 l - a +0 pair of gloves
 m - a +0 helmet
Jewellery
 n - a +3 ring of strength
 o - a +2 ring of evasion
Wands
 k - a wand of iceblast (10)
Scrolls
 g - 2 scrolls of blinking
 j - 2 scrolls of amnesia
Potions
 b - 5 potions of magic
 c - 5 potions of curing
 d - a potion of heal wounds
 e - a potion of haste
 i - a potion of invisibility


   Skills:
 + Level 4.2 Fighting
 + Level 7.0 Dodging
 - Level 2.8 Stealth
 * Level 10.8 Spellcasting
 * Level 8.5 Conjurations
 * Level 8.8 Air Magic


You had 17 spell levels left.
You knew the following spells:

 Your Spells              Type           Power      Damage    Failure   Level
a - Shock                 Conj/Air       100%       1d9       1%          1
b - Static Discharge      Conj/Air       100%       2-7/arc   1%          2
c - Swiftness             Air            55%        N/A       1%          3
d - Airstrike             Air            27%        2d(4-20)  1%          4

Your spell library contained the following spells:

 Spells                   Type           Power      Damage    Failure   Level


Dungeon Overview and Level Annotations

Branches:
Dungeon (1/1)

Altars:
Cheibriados
Dithmenos
Elyvilon
Fedhas
Gozag
Hepliaklqana
Kikubaaqudgha
Makhleb
Nemelex Xobeh
Okawaru
Qazlal
Ru
Sif Muna
Trog
Uskayaw
Vehumet
Wu Jian
Xom
Yredelemnul
Zin
The Shining One
Jiyva
Lugonu


Message History

The zap hits the yak.
You kill the yak!
Something hits you.
* * * LOW HITPOINT WARNING * * *
Deactivating autopickup; reactivate with Ctrl-A.
Your Fighting skill increases to level 4!
Your Dodging skill increases to level 7!
Your Spellcasting skill increases to level 10!
Your Conjurations skill increases to level 8!
Your Air Magic skill increases to level 8!
You have reached level 7!
Aiming: Shock (safe; 1% risk of failure)
Press: ? - help, Q - select action, (/) - cycle Shift-Dir - straight line The zap hits something.
Something hits you.
* * * LOW HITPOINT WARNING * * *
You feel much better. Something hits you.
You miss something. Something hits you.
Aiming: Shock (safe; 1% risk of failure)
Press: ? - help, Q - select action, (/) - cycle Shift-Dir - straight line The zap hits something.
Something hits you but does no damage.
Aiming: Shock (safe; 1% risk of failure)
Press: ? - help, Q - select action, (/) - cycle Shift-Dir - straight line Something hits you!
* * * LOW HITPOINT WARNING * * *
You feel much better. Something hits you! Something closely misses you.
A red film seems to cover your vision as you go berserk!
You feel yourself moving faster!
You feel mighty! Something hits you. Something hits you!
* * * LOW HITPOINT WARNING * * *
You feel a strong urge to attack something.
Something hits you!
* * * LOW HITPOINT WARNING * * *
There is an open door to the Dungeon here.
Things that are here:
252 gold pieces; a +0 shortbow You barely miss something.
Something completely misses you. Something hits you.
You die...
Your body crumbles into a pile of gold. $$$$$ $$$$$ $ $ $ $$$$$ $ $ $ ▓▓▓▓▓▓▓▓▓▓▓▓▓▓▓▓▓▓▓▓▓▓▓▓ ______'..)...[..@$.$...+ ▓▓▓▓▓▓▓▓▓▓▓▓▓▓▓▓▓▓▓▓▓▓▓▓

There were no monsters in sight!

Vanquished Creatures
  3 yaks (D)
  A centaur (D)
  A howler monkey (D)
  A hound (D)
  A jelly (D)
  2 adders (D)
  A dart slug (D)
  A goblin (D)
  A kobold (D)
  A quokka (D)
  A frilled lizard (D)
  A rat (D)
15 creatures vanquished.

Notes
Turn   | Place    | Note
-------+----------+-------------------------------------------
     0 | D        | rocky1 the Deep Elf Air Elementalist began the quest for
                  | the Orb.
     0 | D        | Reached XP level 1. HP: 10/10 MP: 6/6
     0 | D        | Banished a spatial maelstrom
    82 | D        | Noticed a hound
    82 | D        | Noticed a jelly
    85 | D        | Reached XP level 2. HP: 15/15 MP: 5/8
    86 | D        | Reached skill level 4 in Spellcasting
    87 | D        | Reached skill level 1 in Fighting
    87 | D        | Reached skill level 5 in Spellcasting
    87 | D        | Reached skill level 5 in Air Magic
    87 | D        | Reached XP level 3. HP: 14/20 MP: 3/12
    89 | D        | Reached skill level 6 in Spellcasting
    89 | D        | Reached XP level 4. HP: 18/26 MP: 1/14
   283 | D        | Found a snail-covered altar of Cheibriados.
   283 | D        | Found a shadowy altar of Dithmenos.
   283 | D        | Found a white marble altar of Elyvilon.
   283 | D        | Found a blossoming altar of Fedhas.
   283 | D        | Found an opulent altar of Gozag.
   284 | D        | Found a hazy altar of Hepliaklqana.
   285 | D        | Found a viscous altar of Jiyva.
   286 | D        | Found an ancient bone altar of Kikubaaqudgha.
   287 | D        | Found a corrupted altar of Lugonu.
   288 | D        | Found a burning altar of Makhleb.
   289 | D        | Found a sparkling altar of Nemelex Xobeh.
   290 | D        | Found an iron altar of Okawaru.
   291 | D        | Found a stormy altar of Qazlal.
   292 | D        | Found a sacrificial altar of Ru.
   293 | D        | Found a shimmering blue altar of Sif Muna.
   294 | D        | Found a bloodstained altar of Trog.
   295 | D        | Found a hide-covered altar of Uskayaw.
   296 | D        | Found a radiant altar of Vehumet.
   297 | D        | Found an ornate altar of the Wu Jian Council.
   298 | D        | Found a shimmering altar of Xom.
   299 | D        | Found a basalt altar of Yredelemnul.
   300 | D        | Found a glowing silver altar of Zin.
   301 | D        | Found a glowing golden altar of the Shining One.
   313 | D        | Became a worshipper of Gozag Ym Sagoz the Greedy
   356 | D        | Got the +2 rapier of Growth {flame, rPois Int+3}
   361 | D        | Learned a level 2 spell: Static Discharge
   365 | D        | Learned a level 3 spell: Swiftness
   370 | D        | Learned a level 4 spell: Airstrike
   376 | D        | Noticed a centaur
   376 | D        | Noticed a yak
   376 | D        | Noticed a yak
   376 | D        | Noticed a yak
   383 | D        | Killed a centaur
   384 | D        | Reached skill level 5 in Dodging
   384 | D        | Reached skill level 8 in Spellcasting
   384 | D        | Reached XP level 5. HP: 10/32 MP: 7/17
   386 | D        | Killed a yak
   387 | D        | Reached skill level 9 in Spellcasting
   387 | D        | Reached XP level 6. HP: 10/37 MP: 5/20
   388 | D        | Killed a yak
   388 | D        | Killed a yak
   389 | D        | Reached skill level 10 in Spellcasting
   389 | D        | Reached XP level 7. HP: 5/43 MP: 3/23
   396 | D        | HP: 2/64 [something (11)]
   397 | D        | Slain by an unseen horror

Illustrated notes

Levels and vault maps discovered:
D:        linesprint [early_d, line_temple, items_1, d_10, items_2, lair_1,
          lair_end, items_3, orc_1, orc_end, items_4, d_15, swamp_1, shoals_1,
          snake_1, spider_1, d_20, vaults_1, items_5, swamp_end, shoals_end,
          snake_end, spider_end, vaults_end, d_27, items_6, zot_1, zot_end,
          crypt_end, forest_end, elf_end, slime_end, tomb_end, abyss_end,
          pan_hell_end]

Skill      XL: |  1  2  3  4  5  6 |
---------------+-------------------+-----
Air Magic      | 4 5 6 7 8 |  8.8
Dodging        | 3 4 5 6 7 |  7.0
Spellcasting   | 5 6 8 9 10 | 10.8
Conjurations   | 3 4 6 7 8 |  8.5
Fighting       | 1 2 3 4 |  4.2
Stealth        | |  2.8

Action                     |  1- 3 |  4- 6 |  7- 9 || total
---------------------------+-------+-------+-------++-------
  Melee: Rapier            |       |       |     2 ||     2
   Cast: Shock             |    11 |    12 |     3 ||    26
    Use: Potion            |       |       |     3 ||     3
 Armour: Robe              |       |     2 |     1 ||     3
  Dodge: Dodged            |     5 |    10 |     2 ||    17

Table legend: (Time is in decaauts)
 A = Elapsed time spent in this place.
 B = Non-inter-level travel time spent in this place.
 C = Inter-level travel time spent in this place.
 D = Time resting spent in this place.
 E = Time spent auto-exploring this place.
 F = Levels seen in this place.
 G = Mean time per level.
                   A        B        C        D        E       F      G
               +--------+--------+--------+--------+--------+-----+--------+
         Total |    395 |    395 |      0 |    252 |      0 |   1 |  395.0 |
       Dungeon |    395 |    395 |      0 |    252 |      0 |   1 |  395.0 |
               +--------+--------+--------+--------+--------+-----+--------+

Top non-repeatable levels by time:
       D: 395 daAuts
